 Dungeon Crawl Stone Soup version 0.28.0-45-g0d030f2227 (webtiles) character file.

Game seed: 6186541434005034078

2690 sanboga the Cleaver (level 9, -2/88 HPs)
             Began as a Gargoyle Berserker on Apr 12, 2022.
             Was a Priest of Trog.
             Slain by a steam dragon (5 damage)
             ... on level 7 of the Dungeon.
             The game lasted 00:05:58 (6929 turns).

sanboga the Cleaver (Gargoyle Berserker)            Turns: 6929, Time: 00:05:59

Health: -2/88      AC: 19    Str: 25    XL:     9   Next: 64%
Magic:  9/9        EV:  8    Int:  8    God:    Trog [***...]
Gold:   409        SH:  0    Dex: 16    Spells: 8/8 levels left

rFire   . . .      SeeInvis .   a - +0 war axe
rCold   . . .      Faith    .   (no shield)
rNeg    + . .      Spirit   .   e - +0 plate armour
rPois   ∞          Reflect  .   (no helmet)
rElec   +          Harm     .   (no cloak)
rCorr   .          Rampage  .   (no gloves)
Will    +....                   (no boots)
Stlth   ..........              (no amulet)
HPRegen 0.24/turn               l - ring "Hydac" {Will+ Dex+7}
MPRegen 0.11/turn               (no ring)

@: berserking, very quick
A: sickness immunity, AC +6, negative energy resistance 1, electricity
resistance, torment resistance 1, petrification resistance
a: Renounce Religion, Berserk, Trog's Hand


You were on level 7 of the Dungeon.
You worshipped Trog.
Trog was most pleased with you.
You visited 1 branch of the dungeon, and saw 7 of its levels.

You collected 409 gold pieces.

Inventory:

Hand Weapons
 a - a +0 war axe (weapon)
Armour
 e - a +0 plate armour (worn)
Jewellery
 g - a ring of resist corrosion
 l - the ring "Hydac" (left hand) {Will+ Dex+7}
   (You found it on level 3 of the Dungeon)

   [ring of willpower]

   Dex:       It affects your dexterity (+7).
   Will:      It increases your willpower.
Wands
 t - a wand of iceblast (10)
Scrolls
 b - 2 scrolls of magic mapping {unknown}
 c - 5 scrolls of teleportation
 d - a scroll of torment {unknown}
 i - a scroll of immolation {unknown}
 q - a scroll of noise {unknown}
 r - a scroll of fog {unknown}
Potions
 f - 2 potions of cancellation {unknown}
 h - a potion of flight
 j - 3 potions of haste
 k - a potion of berserk rage
 m - 3 potions of curing
 n - a potion of attraction {unknown}
 o - a potion of degeneration {unknown}
 p - a potion of heal wounds
 s - a potion of resistance


   Skills:
 + Level 7.8 Fighting
 * Level 8.8 Axes
 + Level 7.3 Armour
 - Level 1.7 Dodging


You had 8 spell levels left.
You didn't know any spells.
Your spell library was empty.

Dungeon Overview and Level Annotations

Branches:
Dungeon (7/15)             Temple (0/1) D:5

Altars:
Fedhas
Kikubaaqudgha
Qazlal
Trog
Uskayaw
Yredelemnul
The Shining One

Shops:
D:3 (


Innate Abilities, Weirdness & Mutations

You are immune to sickness and miasma.
Your stone body is resilient. (AC +6)
You are immune to poison.
You resist negative energy. (rN+)
You are resistant to electric shocks. (rElec)
You are resistant to unholy torment.
You are immune to petrification.


Message History

The steam dragon breathes steam at you.
The ball of steam hits the orc!
The orc dies!
The ball of steam hits you. The necrophage hits you.
You are too injured to fight recklessly!
You are too injured to fight recklessly!
You are too injured to fight recklessly!
You are too injured to fight recklessly!
You are too injured to fight recklessly!
You are too injured to fight recklessly!
You are too injured to fight recklessly!
A red film seems to cover your vision as you go berserk!
You feel yourself moving faster!
You feel mighty!
You are engulfed in a cloud of scalding steam.
* * * LOW HITPOINT WARNING * * *
The necrophage is engulfed in a cloud of scalding steam.
The necrophage is destroyed!
Found a scroll of identify.
You feel a strong urge to attack something.
You are engulfed in a cloud of scalding steam.
* * * LOW HITPOINT WARNING * * *
The steam dragon bites you.
* * * LOW HITPOINT WARNING * * *
The steam dragon claws you but does no damage.
Items here: ( ) ? †.
You slice the steam dragon!! You punch the steam dragon!
The steam dragon is almost dead.
You are engulfed in a cloud of scalding steam.
* * * LOW HITPOINT WARNING * * *
The steam dragon breathes steam at you. The ball of steam misses you.
You barely miss the steam dragon.
The steam dragon is almost dead.
You slash the bullfrog zombie! The bullfrog zombie closely misses you.
You hit the steam dragon.
The steam dragon is almost dead.
You barely miss the bullfrog zombie. The steam dragon bites you!
* * * LOW HITPOINT WARNING * * *
The steam dragon claws you.
You die...

..#
##.........##...##.
#...
##.........#......
......###........#
...
..................
...
.....##...........
.. ...?
###.....##.. ..
..... ##......>##.
..
......#.§.#......
##
......D@.####..## #
......Z.## #... ..
........# .#. ..
......... . ..
......... ..
.##....... ###.....
..#....


You could see a steam dragon (catching breath) and a bullfrog zombie.

Vanquished Creatures
  Pikel (D:5)
  Grinder (D:4)
  2 water moccasins
  A necrophage (D:6)
  A black bear (D:5)
  2 ogres
  2 phantoms
  A lemure (D:5)
  2 centaurs (D:5)
  A kobold brigand (D:7)
  A bullfrog (D:7)
  3 scorpions
  A wyvern skeleton (D:7)
  A water moccasin zombie (D:6)
  A howler monkey (D:7)
  2 bullfrog zombies
  5 hounds
  2 orc priests
  A bullfrog skeleton (D:5)
  6 iguanas
  2 orc wizards
  A hound zombie (D:5)
  A hound skeleton (D:5)
  4 adders
  A howler monkey skeleton (D:7)
  2 worms
  A dart slug (D:1)
  16 orcs
  5 ball pythons
  9 endoplasms
  5 giant cockroaches
  10 goblins
  2 hobgoblins
  9 jackals
  10 kobolds
  5 quokkas
  5 bats
  4 frilled lizards
  11 rats
140 creatures vanquished.

Vanquished Creatures (others)
  A necrophage (D:7)
  3 orcs (D:7)
  A plant (D:5)
5 creatures vanquished.

Grand Total: 145 creatures vanquished

Notes
Turn   | Place    | Note
-------+----------+-------------------------------------------
     0 | D:1      | sanboga the Gargoyle Berserker began the quest for the Orb.
     0 | D:1      | Reached XP level 1. HP: 14/14 MP: 1/1
   124 | D:1      | Reached XP level 2. HP: 13/19 MP: 2/2
   420 | D:1      | Reached skill level 3 in Axes
   832 | D:1      | Reached XP level 3. HP: 22/23 MP: 3/3
   834 | D:1      | Reached ** piety under Trog
   907 | D:1      | Found a faded altar of an unknown god.
  1407 | D:2      | Noticed a scorpion
  1417 | D:2      | Killed a scorpion
  1418 | D:2      | Reached XP level 4. HP: 23/29 MP: 4/4
  1817 | D:2      | Reached skill level 4 in Axes
  1817 | D:2      | Reached XP level 5. HP: 29/33 MP: 5/5
  2247 | D:3      | Found a stormy altar of Qazlal.
  2252 | D:3      | Found a blossoming altar of Fedhas.
  2530 | D:3      | Found Heusi's Weapon Emporium.
  2709 | D:3      | Identified the ring "Hydac" {Will+ Dex+7}
  3022 | D:3      | Found a glowing golden altar of the Shining One.
  3127 | D:4      | Noticed Grinder
  3131 | D:4      | Paralysed by Grinder for 5 turns
  3143 | D:4      | Killed Grinder
  3144 | D:4      | Reached skill level 5 in Axes
  3144 | D:4      | Reached XP level 6. HP: 31/40 MP: 6/6
  3286 | D:4      | Reached skill level 5 in Fighting
  3462 | D:4      | Reached *** piety under Trog
  3463 | D:4      | Reached XP level 7. HP: 40/44 MP: 7/7
  3685 | D:4      | You fall into a shaft and drop 3 floors!
  3772 | D:7      | Reached skill level 6 in Axes
  3772 | D:7      | Reached skill level 5 in Armour
  3998 | D:6      | Reached XP level 8. HP: 16/51 MP: 8/8
  4338 | D:6      | Found a basalt altar of Yredelemnul.
  4338 | D:6      | Found a hide-covered altar of Uskayaw.
  4339 | D:6      | Found an ancient bone altar of Kikubaaqudgha.
  4631 | D:5      | Entered Level 5 of the Dungeon
  4838 | D:5      | Reached skill level 7 in Axes
  5524 | D:5      | Noticed Pikel
  5537 | D:5      | Killed Pikel
  5538 | D:5      | Reached skill level 8 in Axes
  5538 | D:5      | Reached XP level 9. HP: 57/57 MP: 9/9
  5970 | D:5      | Found a staircase to the Ecumenical Temple.
  6067 | D:5      | Found a bloodstained altar of Trog.
  6929 | D:7      | HP: 3/88 [steam dragon (7)]
  6929 | D:7      | Slain by a steam dragon

Illustrated notes

Levels and vault maps discovered:
D:1:      dpeg_arrival_renting, layout_loops_ring, ebering_ecumenical_altar_mist
D:2:      layout_basic, grunt_ministairs_1,
          nicolae_concentric_dashed_squares_mild, minmay_misc_feat_roman
D:3:      minmay_octagon_keep, layout_basic,
          grunt_temple_overflow_forces_of_nature,
          nicolae_tso_swordbearing_angel, serial_shops, shop
D:4:      layout_cave_pools, minmay_misc_feat_hallway, minmay_misc_feat_pillars,
          amcnicky_mini_pool_small, uniq_grinder
D:5:      layout_basic, trog_butcher_becter, minmay_temple_entry_overgrown,
          uniq_pikel
D:6:      layout_basic, gammafunk_temple_overflow_forgotten
D:7:      layout_cave_pools

Skill      XL: |  1  2  3  4  5  6  7  8  9 |
---------------+----------------------------+-----
Axes           | 3 4 5 6 8 |  8.8
Fighting       | 4 5 7 |  7.8
Armour         | 3 4 5 6 7 |  7.3
Dodging        | |  1.7

Action                   |  1- 3 |  4- 6 |  7- 9 || total
-------------------------+-------+-------+-------++-------
Melee: Hand axe          |   106 |   143 |     8 ||   257
       Punch             |     2 |     2 |     4 ||     8
       War axe           |       |       |   215 ||   215
Invok: Berserk           |     1 |     1 |     6 ||     8
  Use: Potion            |       |       |     1 ||     1
       Scroll            |       |       |     8 ||     8
Armor: Animal skin       |    10 |       |       ||    10
       Plate armour      |    57 |   102 |   185 ||   344
Dodge: Dodged            |    50 |    53 |   110 ||   213
